 Dungeon Crawl Stone Soup version 0.30-a0-1016-gfb0d676c02 (webtiles) character file.

Game seed: 9354894758089889153

24 bande the Shield-Bearer (level 3, -4/23 HPs)
             Began as a Gargoyle Fighter on Apr 6, 2023.
             Slain by a gnoll
             ... wielding a +1 spear of distortion
              (5 damage)
             ... on level 2 of the Dungeon.
             The game lasted 00:01:36 (1046 turns).

bande the Shield-Bearer (Gargoyle Fighter)          Turns: 1046, Time: 00:01:36

Health: -4/23      AC: 10    Str: 19    XL:     3   Next: 2%
Magic:  3/3        EV:  9    Int:  8    God:
Gold:   63         SH:  4    Dex: 11    Spells: 2/2 levels left

rFire   . . .      SeeInvis .    a - +0 war axe
rCold   . . .      Faith    .    c - +0 buckler
rNeg    + . .      Spirit   .    b - +0 scale mail
rPois   ∞          Reflect  .    (no helmet)
rElec   +          Rampage  .    (no cloak)
rCorr   .                        (no gloves)
Will    .....                    (no boots) Stlth
                                 (no amulet)
HPRegen 0.23/turn                (no ring)
MPRegen 0.08/turn                (no ring)

@: no status effects
A: sickness immunity, AC +3, negative energy resistance 1, electricity
resistance, torment resistance 1, petrification resistance
a: no special abilities


You were on level 2 of the Dungeon.
You visited 1 branch of the dungeon, and saw 2 of its levels.

You collected 63 gold pieces.

Inventory:

Hand Weapons
 a - a +0 war axe (weapon)
Armour
 b - a +0 scale mail (worn)
 c - a +0 buckler (worn)
Scrolls
 e - a scroll of poison {unknown}
 f - 2 scrolls of amnesia {unknown}
 i - a scroll of noise {unknown}
Potions
 d - a potion of might
 g - 3 potions of curing {unknown}
 h - a potion of brilliance {unknown}


   Skills:
 + Level 3.5 Fighting
 + Level 2.2 Axes
 + Level 3.6 Armour
 + Level 3.7 Shields


You had 2 spell levels left.
You didn't know any spells.
Your spell library was empty.

Dungeon Overview and Level Annotations

Branches:
Dungeon (2/15)

Altars:

Annotations:
D:2 Jessica


Innate Abilities, Weirdness & Mutations

You are immune to sickness and miasma.
Your stone body is resilient. (AC +3)
You are immune to poison.
You resist negative energy. (rN+)
You are resistant to electric shocks. (rElec)
You are resistant to unholy torment.
You are immune to petrification.


Message History

You closely miss the gnoll.
The gnoll is lightly wounded.
The gnoll hits you but does no damage.
You closely miss the gnoll.
The gnoll is lightly wounded.
The gnoll shouts!
The gnoll hits you but does no damage. x2
You hit the gnoll.
The gnoll is moderately wounded.
You barely miss the gnoll.
The gnoll is moderately wounded.
The gnoll hits you but does no damage.
You hit the gnoll.
The gnoll is severely wounded.
The gnoll completely misses you. The gnoll barely misses you.
The gnoll hits you with a +0 spear. The gnoll closely misses you.
You hit the gnoll.
The gnoll is almost dead.
You block the gnoll's attack. The gnoll closely misses you.
You barely miss the gnoll.
The gnoll is almost dead.
The gnoll hits you but does no damage. The gnoll completely misses you.
The gnoll hits you from afar with a +0 halberd!
The gnoll closely misses you.
A gnoll comes into view. It is wielding a +0 club.
You block the gnoll's attack. The gnoll closely misses you.
The gnoll shouts!
You hit the gnoll but do no damage.
The gnoll is almost dead.
You block the gnoll's attack.
The gnoll hits you but does no damage. x2
The gnoll barely misses you. The gnoll hits you but does no damage.
Space warps horribly around you!
* * * LOW HITPOINT WARNING * * *
The gnoll barely misses you.
Unknown command.
You barely miss the gnoll. You slash the gnoll!
You kill the gnoll!
You closely miss the gnoll. The gnoll closely misses you. x2
The gnoll hits you with a +1 spear of distortion.
You die...

#.###.#......##.##...
.. #..............#.
#..####........##.####.
#..#...........##.# #.
#............####.# #.
#.......##.### #.# #.
#........g.. ..# #.
#....gg##.# ##. ..
#...)@.##. . ####.#.# .
#.....# #.#.### #.#...
#†##### #.# #.# #.# #.#
#.#


You could see 3 gnolls.

Vanquished Creatures
  A gnoll (D:2)
  An adder (D:2)
  A bat (D:2)
  3 endoplasms
  A goblin (D:2)
  A hobgoblin (D:1)
  A ball python (D:1)
  A frilled lizard (D:1)
  2 kobolds (D:1)
  5 rats
17 creatures vanquished.

Notes
Turn   | Place    | Note
-------+----------+-------------------------------------------
     0 | D:1      | bande the Gargoyle Fighter began the quest for the Orb.
     0 | D:1      | Reached XP level 1. HP: 14/14 MP: 1/1
   310 | D:1      | Reached XP level 2. HP: 12/19 MP: 2/2
   672 | D:2      | Reached XP level 3. HP: 23/23 MP: 3/3
   711 | D:2      | Noticed Jessica
  1045 | D:2      | HP: 1/23 [gnoll/+1 spear of distortion (11)]
  1046 | D:2      | Slain by a gnoll

Illustrated notes

Levels and vault maps discovered:
D:1:      minmay_arrival_four_houses, layout_rooms
D:2:      layout_loops_ring, uniq_jessica

Skill      XL: |  1  2 |
---------------+-------+-----
Axes           | 2 |  2.2
Fighting       | |  3.5
Armour         | |  3.6
Shields        | |  3.7

Action                     || total
---------------------------++-------
  Melee: War axe           ||    74
 Armour: Scale mail        ||    49
  Dodge: Dodged            ||    40
  Block: Buckler           ||    15

Table legend: (Time is in decaauts)
 A = Elapsed time spent in this place.
 B = Non-inter-level travel time spent in this place.
 C = Inter-level travel time spent in this place.
 D = Time resting spent in this place.
 E = Time spent auto-exploring this place.
 F = Levels seen in this place.
 G = Mean time per level.
                   A        B        C        D        E       F      G
               +--------+--------+--------+--------+--------+-----+--------+
         Total |   1084 |   1028 |     56 |    186 |    617 |   2 |  542.0 |
       Dungeon |   1084 |   1028 |     56 |    186 |    617 |   2 |  542.0 |
               +--------+--------+--------+--------+--------+-----+--------+

Top non-repeatable levels by time:
     D:1: 754 daAuts
     D:2: 329 daAuts
